 Dungeon Crawl Stone Soup version 0.31-a0-654-gbe3e110b4e (webtiles) character file.

Game seed: 4948843912165448539

125 Sanktem7 the Covered (level 4, -1/40 HPs)
             Began as a Minotaur Fighter on Aug 29, 2023.
             Slain by a gnoll
             ... wielding a +0 halberd
              (11 damage)
             ... on level 2 of the Dungeon.
             The game lasted 00:01:36 (1280 turns).

Sanktem7 the Covered (Minotaur Fighter)             Turns: 1280, Time: 00:01:36

Health: -1/40      AC: 11    Str: 23    XL:     4   Next: 82%
Magic:  3/3        EV:  6    Int:  5    God:
Gold:   101        SH:  4    Dex:  9    Spells: 3/3 levels left

rFire   . . .        a - +0 war axe {axe}
rCold   . . .        c - +0 buckler
rNeg    . . .        r - +0 plate armour
rPois   .            (helmet restricted)
rElec   .            (no cloak)
rCorr   .            (no gloves)
SInv    .            (no boots)
Will    .....        (no amulet) Stlth
                     (no ring)
HPRegen 0.26/turn    (no ring)
MPRegen 0.08/turn

%: no passive effects
@: no status effects
A: horns 2, retaliatory headbutt
a: no special abilities


You were on level 2 of the Dungeon.
You visited 1 branch of the dungeon, and saw 2 of its levels.

You collected 101 gold pieces.


Innate Abilities, Weirdness & Mutations

You have a pair of horns on your head.
You reflexively headbutt those who attack you in melee.


   Skills:
 + Level 4.2 Fighting
 * Level 4.1 Axes
 + Level 1.3 Throwing
 + Level 4.3 Armour
 + Level 4.3 Shields


You had 3 spell levels left.
You didn't know any spells.
Your spell library contained the following spells:

 Spells                   Type           Power      Damage    Failure   Level
 Hailstorm                Conj/Ice       0%         3d3       100%        3
 Summon Ice Beast         Ice/Summ       0%         N/A       100%        4
 Simulacrum               Ice/Necr       0%         N/A       100%        6

Inventory:

Hand Weapons
 a - a +0 war axe (weapon) {axe}
 m - a +1 spear of pain {polearm}
   (You took it off a gnoll on level 2 of the Dungeon)
Missiles
 f - 14 stones {throwing}
Armour
 c - a +0 buckler (worn)
 r - a +0 plate armour (worn)
   (You found it on level 2 of the Dungeon)
Magical Staves
 n - a staff of cold {!astaff}
   (You found it on level 2 of the Dungeon)
Jewellery
 s - a ring of magical power
   (You found it on level 2 of the Dungeon)
Scrolls
 b - a scroll of blinking {unknown}
 e - 6 scrolls of identify {unknown}
 g - a scroll of noise {unknown}
 i - 2 scrolls of poison {unknown}
 k - a scroll of fog {unknown}
 p - 2 scrolls of fear {unknown}
Potions
 d - a potion of might
 h - a potion of mutation {unknown}
 j - 2 potions of invisibility {unknown}
 l - a potion of ambrosia {unknown}
 o - a potion of enlightenment {unknown}
 q - a potion of heal wounds {unknown}

Dungeon Overview and Level Annotations

Branches:
Dungeon (2/15) Zot: 10682

Altars:
Elyvilon

##### #.....
....# #.....
###.### #.....
...†..# #..#.##
###.###
#.....### #.#
#....... #.#
#....# #.#
#.#)####.# ###
. #..#@gg..#
#~####...######
.........######
...........)..#
###...†.####.#
#..[..#
###...###
#.......###.#
#...........#


You could see 2 gnolls.


Message History

You barely miss the dart slug. You headbutt the dart slug!
You kill the dart slug!
Your Axes skill increases to level 4!
No target in view!
No target in view!
No target in view!
No target in view!
No target in view!
You see here a dart slug corpse.
b - a scroll labelled IRURCH OSEWOW 😎 HP[+1]
Your hp is fully restored (40).
s - a ring of magical power A ball python comes into view.
You block the ball python's attack. x2
You slash the ball python!
You kill the ball python!
No target in view!
No target in view!
No target in view!
No target in view!
No target in view!
A kobold comes into view. It is wielding a +0 whip.
The kobold shouts!
A kobold is nearby!
A kobold is nearby!
The kobold hits you but does no damage.
You hit the kobold. The kobold hits you but does no damage.
You barely miss the kobold. Your headbutt misses the kobold.
The kobold hits you but does no damage.
You slash the kobold!
You kill the kobold!
No target in view!
No target in view! 3 gnolls come into view.
The gnoll shouts! x2; You hear a shout!
There are monsters nearby!
There are monsters nearby!
The gnoll hits you but does no damage.
You hit the gnoll. The gnoll hits you but does no damage.
You closely miss the gnoll. You headbutt the gnoll!
The gnoll hits you from afar with a +0 spear!
A gnoll comes into view. It is wielding a +0 spear.
The gnoll shouts! 😕 HP[-8]
You take 8 damage, and now have 32/40 hp.
You slash the gnoll!
You kill the gnoll!
You barely miss the gnoll.
The gnoll hits you from afar with a +0 spear.
The gnoll barely misses you.
You closely miss the gnoll. The gnoll barely misses you.
The gnoll hits you with a +0 spear. The gnoll hits you but does no damage.
The gnoll barely misses you. 😕 HP[-1]
You take 1 damage, and now have 31/40 hp.
You closely miss the gnoll. The gnoll hits you with a +0 spear.
The gnoll hits you but does no damage. 😮 HP[-2]
You take 2 damage, and now have 29/40 hp.
You are too injured to fight recklessly!
You are too injured to fight recklessly!
You are too injured to fight recklessly!
You are too injured to fight recklessly!
You are too injured to fight recklessly!
You are too injured to fight recklessly!
You are too injured to fight recklessly!
You are too injured to fight recklessly!
You hit the gnoll. The gnoll barely misses you.
You block the gnoll's attack. 😮 HP[+1]
You closely miss the gnoll.
The gnoll hits you from afar with a +0 spear.
The gnoll hits you but does no damage. x3 😮 HP[-4]
You take 4 damage, and now have 26/40 hp.
You hit the gnoll but do no damage. The gnoll hits you but does no damage.
The gnoll closely misses you.
You slash the gnoll! Your headbutt misses the gnoll.
The gnoll closely misses you.
The gnoll hits you with a +0 spear. 😮 HP[-3]
You take 3 damage, and now have 23/40 hp.
You hit the gnoll.
You kill the gnoll!
The gnoll hits you but does no damage. You block the gnoll's attack.
The gnoll attacks as it pursues you!
The gnoll hits you from afar with a +0 spear.
* * * LOW HITPOINT WARNING * * *
You see here a +0 spear {polearm}. 😨 HP[-3]
You take 3 damage, and now have 20/40 hp.
The gnoll hits you with a +0 spear.
* * * LOW HITPOINT WARNING * * *
😨 HP[-4]
You take 4 damage, and now have 16/40 hp.
You barely miss the gnoll. You headbutt the gnoll.
The gnoll hits you from afar with a +0 halberd.
* * * LOW HITPOINT WARNING * * *
The gnoll hits you but does no damage.
The gnoll hits you from afar with a +0 halberd!
You die...

Skill      XL: |  1  2  3  4 |
---------------+-------------+-----
Axes           | 3 4 |  4.1
Armour         | 4 |  4.3
Fighting       | 4 |  4.2
Shields        | 4 |  4.3
Throwing       | 1 |  1.3

Action                     |  1- 3 |  4- 6 || total
---------------------------+-------+-------++-------
  Melee: War axe           |    45 |    56 ||   101
         Headbutt          |     3 |     5 ||     8
 Armour: Scale mail        |    21 |    26 ||    47
         Plate armour      |       |    13 ||    13
  Dodge: Dodged            |    29 |    26 ||    55
  Block: Buckler           |    12 |    17 ||    29

Levels and vault maps discovered:
D:1:      dpeg_arrival_shelter, layout_basic, hangedman_decor_diamond_cutter,
          minmay_misc_feat_room
D:2:      layout_loops_ring, shapermc_ecumenical_altar_hornbeckon, basic_altar

Notes
Turn   | Place    | Note
-------+----------+-------------------------------------------
     0 | D:1      | Sanktem7 the Minotaur Fighter began the quest for the Orb.
     0 | D:1      | Reached XP level 1. HP: 19/19 MP: 0/0
     0 | D:1      | magus.rc [v1.9.6]
    77 | D:1      | Reached XP level 2. HP: 27/27 MP: 1/1
   169 | D:1      | Reached skill level 3 in Axes
   341 | D:1      | Reached XP level 3. HP: 30/33 MP: 2/2
   426 | D:1      | Reached skill level 4 in Armour
   797 | D:2      | Reached skill level 4 in Fighting
   797 | D:2      | Reached skill level 4 in Shields
   804 | D:2      | Reached skill level 1 in Throwing
   805 | D:2      | Reached XP level 4. HP: 22/40 MP: 3/3
   901 | D:2      | You pick up a book of the Tundra and begin reading...
   901 | D:2      | You add the spells Hailstorm, Summon Ice Beast and
                  | Simulacrum to your library.
  1082 | D:2      | Found a white marble altar of Elyvilon.
  1239 | D:2      | Reached skill level 4 in Axes
  1280 | D:2      | HP: 10/40 [gnoll/+0 halberd (6)]
  1280 | D:2      | Slain by a gnoll

Vanquished Creatures
  2 adders (D:2)
  5 gnolls (D:2)
  4 dart slugs
  An endoplasm (D:2)
  5 giant cockroaches
  A goblin (D:1)
  5 hobgoblins
  6 jackals (D:1)
  4 ball pythons
  6 bats
  4 frilled lizards
  5 kobolds
  2 rats
50 creatures vanquished.

Table legend:
 A = Non-vault XP
 B = Vault XP
 C = Vault XP percentage of total XP
 D = Non-vault monster count
 E = Vault monster count
 F = Vault count percentage of total count
                 A         B        C        D         E       F
            +---------+---------+-------+---------+---------+-------
      Total |     179 |       0 |   0.0 |      50 |       0 |   0.0
            +---------+---------+-------+---------+---------+-------
        D:1 |      52 |       0 |   0.0 |      27 |       0 |   0.0
        D:2 |     127 |       0 |   0.0 |      23 |       0 |   0.0
            +---------+---------+-------+---------+---------+-------

Skill      XL: |  1  2  3  4 |
---------------+-------------+-----
Axes           | 3 4 |  4.1
Armour         | 4 |  4.3
Fighting       | 4 |  4.2
Shields        | 4 |  4.3
Throwing       | 1 |  1.3

Action                     |  1- 3 |  4- 6 || total
---------------------------+-------+-------++-------
  Melee: War axe           |    45 |    56 ||   101
         Headbutt          |     3 |     5 ||     8
 Armour: Scale mail        |    21 |    26 ||    47
         Plate armour      |       |    13 ||    13
  Dodge: Dodged            |    29 |    26 ||    55
  Block: Buckler           |    12 |    17 ||    29

Illustrated notes

Table legend:
 A = Kills in this place as a percentage of kills in the entire game.
 B = Kills by you in this place as a percentage of kills by you in the entire game.
 C = Kills by friends in this place as a percentage of kills by friends in the entire game.
 D = Other kills in this place as a percentage of other kills in the entire game.
 E = Experience gained in this place as a percentage of experience gained in the entire game.
 F = Experience gained in this place divided by the number of levels of this place that you have seen.
                   A       B       C       D       E      F
               +-------+-------+-------+-------+-------+----------------------
         Total | 100.0 | 100.0 |   N/A |   N/A | 100.0 |  89.5
       Dungeon | 100.0 | 100.0 |   N/A |   N/A | 100.0 |  89.5
               +-------+-------+-------+-------+-------+----------------------

Table legend: (Time is in decaauts)
 A = Elapsed time spent in this place.
 B = Non-inter-level travel time spent in this place.
 C = Inter-level travel time spent in this place.
 D = Time resting spent in this place.
 E = Time spent auto-exploring this place.
 F = Levels seen in this place.
 G = Mean time per level.
                   A        B        C        D        E       F      G
               +--------+--------+--------+--------+--------+-----+--------+
         Total |   1316 |   1310 |      6 |      0 |   1038 |   2 |  658.0 |
       Dungeon |   1316 |   1310 |      6 |      0 |   1038 |   2 |  658.0 |
               +--------+--------+--------+--------+--------+-----+--------+

Top non-repeatable levels by time:
     D:1: 809 daAuts
     D:2: 506 daAuts
